 Dungeon Crawl Stone Soup version 0.17-a0-1123-g6d3914c (console) character file.

68 Monkaria the Skirmisher (level 4, 10/38 HPs)
             Began as a Demonspawn Chaos Knight on May 24, 2015.
             Quit the game on level 2 of the Dungeon.
             The game lasted 00:01:29 (1019 turns).

Monkaria the Skirmisher (Demonspawn Chaos Knight)   Turns: 1019, Time: 00:01:29

Health: 10/38      AC:  5    Str: 14    XL:     4   Next: 1%
Magic:  4/4        EV: 11    Int: 13    God:    Xom [...*..]
Gold:   15         SH:  0    Dex: 10    Spells: 0 memorised, 3 levels left

rFire  . . .     SeeInvis .     a - +0 falchion (chaos)
rCold  . . .     Clarity  .     b - +2 leather armour
rNeg   . . .     SustAt   .     (no shield)
rPois  .         Gourm    .     (no helmet)
rElec  .         Spirit   .     (no cloak)
rCorr  .         Warding  .     (no gloves)
rMut   .         Stasis   .     (no boots)
MR     .....                    (no amulet)
Stlth  ++........               (no ring)
                                j - ring of stealth (curse)

@: mildly poisoned (10 -> 7), not resistant to hostile enchantments, unstealthy
A: hooves 1, clumsy 1
a: Renounce Religion


You were on level 2 of the Dungeon.
You worshipped Xom.
You were a favourite toy of Xom.
You were hungry.

You visited 1 branch of the dungeon, and saw 2 of its levels.

You collected 15 gold pieces.

Inventory:

Hand weapons
 a - a +0 falchion of chaos (weapon)
Missiles
 e - 13 poisoned needles
Armour
 b - a +2 leather armour (worn)
Jewellery
 j - a cursed ring of stealth (left hand)
Scrolls
 d - 3 scrolls of identify {unknown}
 f - 2 scrolls of remove curse {unknown}
 g - a scroll of fog {unknown}
Potions
 h - 2 potions of ambrosia {unknown}
 i - a potion of resistance {unknown}
 l - a potion of flight {unknown}
Comestibles
 c - a bread ration
 k - a slice of pizza


   Skills:
 - Level 4.4 Fighting
 + Level 3.2 Long Blades
 - Level 1.7 Armour
 - Level 0.8 Dodging


You had 3 spell levels left.
You didn't know any spells.

Dungeon Overview and Level Annotations

Branches:
Dungeon (2/15)

Altars:


Innate Abilities, Weirdness & Mutations

You have large cloven feet.
You are clumsy. (Dex -2)


Message History

The adder is moderately wounded.
The adder bites you but does no damage. x2
You barely miss the adder.
The adder is heavily wounded.
The adder bites you.
You barely miss the adder. Your kick misses the adder.
The adder is severely wounded.
The adder bites you but does no damage. The adder barely misses you.
You miss the adder.
The adder is severely wounded.
The adder bites you.
You barely miss the adder.
The adder is severely wounded.
The adder bites you.
* * * LOW HITPOINT WARNING * * *
The adder bites you.
* * * LOW HITPOINT WARNING * * *
You are poisoned.
The adder poisons you!
Are you sure you want to abandon this character and quit the game? (Confirm with "yes".)

..... #... ##....#
###.## #.....#
#...#
..#..#########.###
#..............#
##^.#.####..#.###
#...#<####.##..##
#.#.#.#......###..#
#...S@........###.#
#..#...........#
#.#
#....##.#......#
#.#
#.#..#..#......#
#.# ..
##...##......# #.#
# ##.. #..?...# #.#
##. #......# #.. #.
.... #.#


You could see an adder.

Vanquished Creatures
  A hound (shapeshifter) (D:1)
  2 giant geckos (D:1)
  4 bats
  2 giant cockroaches (D:1)
  6 goblins (D:1)
  7 hobgoblins (D:1)
  A ball python (D:1)
  4 giant newts
  2 kobolds (D:1)
  2 rats (D:1)
31 creatures vanquished.

Notes
Turn   | Place    | Note
--------------------------------------------------------------
     0 | D:1      | Monkaria the Demonspawn Chaos Knight began the quest for the Orb.
     0 | D:1      | Reached XP level 1. HP: 18/18 MP: 1/1
    51 | D:1      | Noticed a hound
    51 | D:1      | an adder changed into a hound
    53 | D:1      | Killed a hound
    53 | D:1      | Reached skill level 4 in Fighting
    53 | D:1      | Gained mutation: You have large cloven feet. [demonic ancestry]
    53 | D:1      | Reached XP level 2. HP: 18/26 MP: 2/2
    53 | D:1      | Reached XP level 3. HP: 21/31 MP: 3/3
   258 | D:1      | XOM: divination: magic mapping
   371 | D:1      | XOM: colour smoke trail
   632 | D:1      | XOM: divination: detect items
   789 | D:1      | XOM: mild Hex miscast
   834 | D:1      | XOM: mild Air miscast
   975 | D:2      | Reached XP level 4. HP: 38/38 MP: 4/4
   997 | D:2      | XOM: give mutations
   997 | D:2      | Gained mutation: You are clumsy. (Dex -2) [Xom's mischief]
   997 | D:2      | Lost mutation: You are clumsy. (Dex -2) [Xom's mischief]
   997 | D:2      | Gained mutation: You are clumsy. (Dex -2) [Xom's mischief]
  1019 | D:2      | Quit the game

Vault maps used:
D:1:      dpeg_arrival_another_circle
D:2:      grunt_gozag_breadcrumbs, kennysheep_generic_room_8

Action                   |  1- 3 |  4- 6 || total
-------------------------+-------+-------++-------
Melee: Falchion          |   106 |    13 ||   119
 Stab: Sleeping          |       |     1 ||     1
